 Dungeon Crawl Stone Soup version 0.31.0-32-g396128a36d (webtiles) character file.

Game seed: 18221921708358997968

25 CyberFan the Chopper (level 2, 29/29 HPs)
             Began as a Troll Berserker on Mar 28, 2024.
             Was a Follower of Trog.
             Quit the game on level 1 of the Dungeon on Apr 1, 2024.
             The game lasted 00:03:07 (299 turns).

CyberFan the Chopper (Troll Berserker)               Turns: 299, Time: 00:03:08

Health: 29/29      AC:  5    Str: 24    XL:     2   Next: 82%
Magic:  1/1        EV: 10    Int:  3    God:    Trog [*.....]
Gold:   8          SH:  0    Dex:  9    Spells: 1/1 levels left

rFire   . . .        a - +0 hand axe
rCold   . . .        (no shield)
rNeg    . . .        b - +1 animal skin
rPois   .            (helmet restricted)
rElec   .            (no cloak)
rCorr   .            (gloves unavailable)
SInv    .            (boots unavailable)
Will    .....        (no amulet)
Stlth   +            (no ring)
HPRegen 1.04/turn    (no ring)
MPRegen 0.07/turn

%: no passive effects
@: no status effects
A: large, unfitting armour, claws 3, regeneration 1, shaggy fur 1, tough skin 1
a: Renounce Religion, Berserk


You were on level 1 of the Dungeon.
You worshipped Trog.
Trog was aware of your devotion.
You visited 1 branch of the dungeon, and saw 1 of its levels.

You collected 8 gold pieces.

Inventory:

Hand Weapons
 a - a +0 hand axe (weapon)
Armour
 b - a +1 animal skin (worn)
 d - a +0 leather armour
Potions
 c - a potion of brilliance {unknown}


   Skills:
 + Level 2.7 Fighting
 + Level 2.8 Axes
 + Level 2.7 Dodging


You had one spell level left.
You didn't know any spells.
Your spell library was empty.

Dungeon Overview and Level Annotations

Branches:
Dungeon (1/15)

Altars:

Shops:
D:1 (


Innate Abilities, Weirdness & Mutations

You are too large for most types of armour.
You have claws for hands.
Your natural rate of healing is unusually fast.
You are covered in fur. (AC +1)
You have tough skin. (AC +1)


Message History

You barely miss the endoplasm.
The endoplasm hits you but does no damage.
The endoplasm closely misses you.
You hit the endoplasm.
The endoplasm is heavily wounded.
The endoplasm freezes you.
You are frozen.
You hit the endoplasm.
The endoplasm is almost dead.
The endoplasm freezes you.
You are frozen.
You hit the endoplasm.
You kill the endoplasm!
Trog accepts your kill.
No target in view!
HP restored.
Found a leather armour.
No target in view!
A bat comes into view.
The bat hits you but does no damage. The bat hits you but does no damage.
You miss the bat. The bat hits you but does no damage.
The bat barely misses you. The bat hits you but does no damage.
You miss the bat. The bat hits you but does no damage.
You miss the bat. The bat closely misses you. The bat barely misses you.
You hit the bat.
You kill the bat!
Trog accepts your kill.
You see here a +0 leather armour.
d - a +0 leather armour
Okay, then.
Okay, then.
Okay, then.
Unknown command.
Saving game... please wait.
Welcome back, CyberFan the Troll Berserker.
Trog says: Kill them all!
Press ? for a list of commands and other information.
Unknown command.
Are you sure you want to abandon this character and quit the game? (Confirm with "yes".)

*,,,,,,* *,,,,,,*
**** *,,,,,,* *>,**
*,,,,,,* *,,,**
*,,,,,,* *,*,,**
*,,*+#,*****,**,,,
####.#,,,,,,,,,,,,
###....####***,*****
#..@†......,,,,*
#.#.########**,*****
#,#........#,,,,,,,,
*,#.#.####.#,*,*****
*,#.#.# #.#,*,*
*,#.#.# #.#,#.#
*,#.#.# #.#.#.#
*,#.#.# #.#.#.#
*,#.#.####.#.#.#


There were no monsters in sight!

Vanquished Creatures
  2 dart slugs (D:1)
  4 endoplasms (D:1)
  A goblin (D:1)
  4 hobgoblins (D:1)
  3 kobolds (D:1)
  A ball python (D:1)
  3 bats (D:1)
  A rat (D:1)
19 creatures vanquished.

Notes
Turn   | Place    | Note
-------+----------+-------------------------------------------
     0 | D:1      | CyberFan the Troll Berserker began the quest for the Orb.
     0 | D:1      | Reached XP level 1. HP: 22/22 MP: 0/0
   100 | D:1      | Reached XP level 2. HP: 25/29 MP: 1/1
   136 | D:1      | Found Volymn's Weapon Boutique.
   299 | D:1      | Quit the game

Illustrated notes

Levels and vault maps discovered:
D:1:      elethiomel_arrival_infinity_welcomes_careful_drivers, layout_basic,
          serial_shops, nicolae_shop_just_a_little_nook, minmay_strange_pillars

Action                     || total
---------------------------++-------
  Melee: Hand axe          ||    72
 Invoke: Berserk           ||     1
    Use: Scroll            ||     2
 Armour: Animal skin       ||    39
  Dodge: Dodged            ||    49
